 Dungeon Crawl Stone Soup version 0.14.1-24-gbdbe590 (webtiles) character file.

184 HunterOfWisdom the Ruinous (level 5, -1/31 HPs)
             Began as an Octopode Wizard on July 3, 2014.
             Slain by a gnoll
             ... wielding a +0,+0 club
              (6 damage)
             ... on Level 3 of the Dungeon.
             The game lasted 00:17:16 (2694 turns).

HunterOfWisdom the Ruinous (Octopode Wizard)        Turns: 2694, Time: 00:17:16

HP  -1/31        AC  1     Str  7      XL: 5   Next:  7%
MP   6/11        EV 12     Int 20      God:
Gold 61          SH  0     Dex 11      Spells:  1 memorised,  9 levels left

rFire  . . .     SeeInvis .     h - +0 whip
rCold  . . .     Clarity  .     (no shield)
rNeg   . . .     Conserve .     b - +0 hat
rPois  .         rCorr    .     (no amulet)
rElec  .         rRot     .     (no ring)
SustAb . .       Spirit   .     (no ring)
rMut   .         Warding  .     (no ring)
Saprov . . .     Stasis   .     (no ring)
MR     .....                    (no ring)
                                (no ring)
                                (no ring)
                                (no ring)

@: not resistant to hostile enchantments, quite stealthy
A: almost no armour, amphibious, 8 rings, constrict 8, camouflage 1, gelatinous
body 1
a: no special abilities


You were on level 3 of the Dungeon.
You were hungry.

You visited 1 branch of the dungeon, and saw 3 of its levels.

You collected 61 gold pieces.

Inventory:

Hand weapons
 h - a +0,+0 whip (weapon)
Missiles
 n - 7 tomahawks (quivered)
Armour
 b - a +0 hat (worn)
Comestibles
 d - 7 bread rations
 t - 3 meat rations
Scrolls
 a - 2 scrolls of remove curse {unknown}
 i - a scroll of blinking {unknown}
 j - 5 scrolls of identify {unknown}
 k - 2 scrolls of enchant weapon II {unknown}
 l - a scroll of teleportation {unknown}
 m - 2 scrolls of recharging {unknown}
 q - 2 scrolls of amnesia {unknown}
 r - a scroll of random uselessness {unknown}
Potions
 e - 2 potions of heal wounds {unknown}
 f - a potion of haste {unknown}
 g - 3 potions of curing {unknown}
 o - 2 potions of confusion {unknown}
 p - 2 potions of cure mutation {unknown}
 s - a potion of magic {unknown}
Books
 c - a book of Minor Magic

   Spells                             Type                      Level
   *Magic Dart                        Conjuration                  1
   Blink                              Translocation                2
   Call Imp                           Summoning                    2
   Repel Missiles                     Charms/Air                   2
   Slow                               Hexes                        2
   Conjure Flame                      Conjuration/Fire             3
   Mephitic Cloud                     Conjuration/Poison/Air       3


   Skills:
 - Level 2.0 Dodging
 - Level 2.6 Stealth
 - Level 3.0 Spellcasting
 + Level 4.7 Conjurations
   Level 1.0 Summonings
   Level 1.0 Translocations


You had 9 spell levels left.
You knew the following spells:

 Your Spells              Type           Power        Failure   Level  Hunger
a - Magic Dart            Conj           ###.         2%          1    None


Dungeon Overview and Level Annotations

Branches:
Dungeon (3/15)

Altars:
Elyvilon

Annotations:
D:2 disintegrate for runed hand axe, Sigmund


Innate Abilities, Weirdness & Mutations

You cannot wear most types of armour.
You are amphibious.
You can wear up to eight rings at the same time.
You can use your tentacles to constrict many enemies at once.
Your skin changes colour to match your surroundings (Stlth).
Your rubbery body absorbs attacks (AC +1).


Message History

Confirm with . or Enter, or press ? or * to list all spells.
Aiming: Magic Dart
Press: ? - help, Shift-Dir - straight line, f/p - gnoll
Aim: a gnoll, wielding a club (heavily wounded)
The magic dart hits the gnoll.
The gnoll is heavily wounded.
Casting: Magic Dart
Confirm with . or Enter, or press ? or * to list all spells.
Aiming: Magic Dart
Press: ? - help, Shift-Dir - straight line, f/p - gnoll
Aim: a gnoll, wielding a club (heavily wounded)
The magic dart hits the gnoll.
The gnoll is heavily wounded.
The gnoll closely misses you.
The gnoll hits you from afar with a halberd!
The gnoll hits you with a club.
The gnoll hits you from afar with a halberd!
* * * LOW HITPOINT WARNING * * *
The gnoll hits you with a club.
You die...

.............#
#######.###.# .....#
#.# ###..### #.#
#^#..# #.#
#....#####.#
##.........#
#########
#..########
#....g..# #....@g..#
#.#####.#
##.######.# #.#..
#.# #.......#.#
#g#.. #g#
#######[#.# #.#.#
#.# #####.#g####.#.#
#.#
#.....#....g.#.#.#.#
#.############%#.#.#
#.#..............#.#
#.#.##########.###.#


You could see a gnoll.

Vanquished Creatures
  An orc priest (D:3)
  4 adders
  A gnoll (D:3)
  4 orcs (D:3)
  3 giant cockroaches
  6 goblins
  3 hobgoblins
  7 kobolds
  2 quokkas
  2 ball pythons (D:1)
  5 bats
  2 giant newts (D:2)
  8 rats
48 creatures vanquished.

Notes
Turn   | Place    | Note
--------------------------------------------------------------
     0 | D:1      | HunterOfWisdom, the Octopode Wizard, began the quest for the Orb.
     0 | D:1      | Reached XP level 1. HP: 11/11 MP: 4/4
   151 | D:1      | Reached XP level 2. HP: 17/17 MP: 1/6
   792 | D:2      | Reached XP level 3. HP: 21/21 MP: 4/7
  1136 | D:2      | Found a white marble altar of Elyvilon.
  1214 | D:2      | Noticed Sigmund
  1362 | D:2      | Reached XP level 4. HP: 27/27 MP: 5/9
  1811 | D:3      | Reached skill level 4 in Conjurations
  2656 | D:3      | Reached XP level 5. HP: 31/31 MP: 6/11
  2694 | D:3      | Slain by a gnoll

Action                   |  1- 3 |  4- 6 || total
-------------------------+-------+-------++-------
Melee: Whip              |     3 |     5 ||     8
 Cast: Magic Dart        |    57 |    59 ||   116
